 Dungeon Crawl Stone Soup version 0.31.0-32-g396128a36d (webtiles) character file.

Game seed: 225715797521793933

77937 yaksman the Blocker (level 15, -4/122 HPs)
             Began as a Gnoll Fighter on Mar 23, 2024.
             Was a High Priest of Okawaru.
             Slain by an ironbound frostheart (20 damage)
             ... in an ice cave on Mar 30, 2024.
             The game lasted 01:33:30 (22235 turns).

yaksman the Blocker (Gnoll Fighter)                Turns: 22235, Time: 01:33:32

Health: -4/122     AC: 23    Str: 25    XL:     15   Next: 58%
Magic:  29/29      EV: 18    Int: 12    God:    Okawaru [*****.]
Gold:   1729       SH:  0    Dex: 12    Spells: 32/35 levels left

rFire   . . .        J - +7 mace of Variability {chaos, chaos arc}
rCold   . . .        (shield currently unavailable)
rNeg    + + .        H - +0 chain mail
rPois   +            c - +2 hat
rElec   .            V - +1 cloak {rPois}
rCorr   +            S - +2 pair of gloves
SInv    .            A - +1 pair of boots of the Bagpipe {rN+ Str+2}
Will    +....        b - amulet of regeneration
Stlth   ++           l - ring "Zoqoefun" {rC+ rN+ rCorr}
HPRegen 1.20/turn    L - ring of Wubbixeu {EV+5 Int+5}
MPRegen 0.21/turn

%: no passive effects
@: no status effects
A: fangs 1, strong nose, distributed training, cold vulnerability 1, persistent
drain
a: Renounce Religion, Heroism, Finesse, Duel


You were in an ice cave.
You worshipped Okawaru.
Okawaru was extremely pleased with you.
You visited 5 branches of the dungeon, and saw 22 of its levels.
You also visited: Bailey and Ice Cave.

You collected 2234 gold pieces.
You spent 505 gold pieces at shops.

Inventory:

Hand Weapons
 z - a +2 long sword of holy wrath
 F - a +1 long sword of freezing
 J - the +7 mace of Variability (weapon) {chaos, chaos arc}
   (You found it on level 5 of the Lair of Beasts)
 P - a +3 long sword of flaming
 T - a +5 halberd
 X - the +2 rapier of Eternal Night {distort, Str+3}
   (You bought it in a shop on level 2 of the Orcish Mines)

   Str+3:     It affects your strength (+3).
 Y - the +8 hand axe of the Genius {heavy, *Rage rCorr Int+3}
   (You found it on level 11 of the Dungeon)

   Int+3:     It affects your intelligence (+3).
   *Rage:     It berserks you when you make melee attacks (+20% chance).
   rCorr:     It protects you from acid and corrosion.
Missiles
 n - 6 darts of dispersal
 r - an atropa-tipped dart
 C - 10 poisoned darts
 K - 11 boomerangs (quivered)
 O - 2 silver javelins
 U - 2 datura-tipped darts
 W - 3 curare-tipped darts
Armour
 c - a +2 hat (worn)
 h - a scarf of shadows
 j - the +4 ice dragon scales of Activism {rElec rF- rC++ rN++ Str-5 Dex+3}
   (You found it in a bailey)

   Str-5:     It affects your strength (-5).
   Dex+3:     It affects your dexterity (+3).
   rF-:       It makes you vulnerable to fire.
   rC++:      It greatly protects you from cold.
   rElec:     It insulates you from electricity.
   rN++:      It greatly protects you from negative energy.
 m - the +0 cloak of the Hidden Vale {rPois rC- Dex+6}
   (You found it on level 3 of the Lair of Beasts)

   Dex+6:     It affects your dexterity (+6).
   rC-:       It makes you vulnerable to cold.
   rPois:     It protects you from poison
 x - the +4 pair of boots "Juatweng" {rPois}
   (You found it in a bailey)

   rPois:     It protects you from poison
 A - the +1 pair of boots of the Bagpipe (worn) {rN+ Str+2}
   (You acquired it on level 1 of the Lair of Beasts)

   Str+2:     It affects your strength (+2).
   rN+:       It protects you from negative energy.
 H - a +0 chain mail (worn)
 Q - the +2 cloak of the Abyss {Harm Regen+}
   (You found it on level 1 of the Shoals)

   Regen+:    It increases your rate of health regeneration.
   Harm:      It increases damage dealt and taken.
 S - a +2 pair of gloves (worn)
 V - a +1 cloak of poison resistance (worn)
Jewellery
 b - an amulet of regeneration (around neck)
 g - an amulet of magic regeneration
 l - the ring "Zoqoefun" (left hand) {rC+ rN+ rCorr}
   (You found it on level 10 of the Dungeon)

   [ring of resist corrosion]

   rC+:       It protects you from cold.
   rN+:       It protects you from negative energy.
   rCorr:     It protects you from acid and corrosion.
 s - the ring "Vooqu" {rC- Int+6 Dex+9}
   (You found it on level 12 of the Dungeon)

   [ring of intelligence]

   Int+6:     It affects your intelligence (+6).
   Dex+9:     It affects your dexterity (+9).
   rC-:       It makes you vulnerable to cold.
 y - a ring of see invisible
 L - the ring of Wubbixeu (right hand) {EV+5 Int+5}
   (You found it on level 4 of the Lair of Beasts)

   [ring of evasion]

   EV+5:      It affects your evasion (+5).
   Int+5:     It affects your intelligence (+5).
 M - a ring of flight
 N - an amulet of guardian spirit
Wands
 d - a wand of quicksilver (2)
 I - a wand of digging (10)
Scrolls
 i - 9 scrolls of teleportation
 v - a scroll of vulnerability
 D - a scroll of blinking
 G - 2 scrolls of identify
 Z - 2 scrolls of fear
Potions
 a - a potion of cancellation
 e - 7 potions of curing
 f - a potion of might
 k - 3 potions of berserk rage
 o - a potion of haste
 p - 2 potions of brilliance
 q - 3 potions of invisibility
 t - a potion of lignification
 w - 2 potions of magic
 B - a potion of enlightenment
 E - a potion of attraction {unknown}
 R - 2 potions of ambrosia


   Skills:
 + Level 12.3 Fighting
 + Level 10.6 Short Blades
 + Level 11.5 Long Blades
 + Level 10.6 Axes
 + Level 10.6 Maces & Flails
 + Level 10.6 Polearms
 + Level 10.6 Staves
 + Level 10.6 Ranged Weapons
 + Level 10.6 Throwing
 + Level 12.3 Armour
 + Level 10.6 Dodging
 + Level 10.6 Stealth
 + Level 12.3 Shields
 + Level 10.6 Unarmed Combat
 + Level 10.6 Spellcasting
 + Level 8.9 Conjurations
 + Level 8.9 Hexes
 + Level 8.9 Summonings
 + Level 8.9 Necromancy
 + Level 8.9 Translocations
 + Level 8.9 Fire Magic
 + Level 8.9 Ice Magic
 + Level 8.9 Air Magic
 + Level 8.9 Earth Magic
 + Level 8.9 Alchemy
 + Level 11.5 Invocations
 + Level 10.6 Evocations
 + Level 9.7 Shapeshifting


You had 32 spell levels left.
You knew the following spells:

 Your Spells              Type           Power      Damage    Failure   Level
a - Blink                 Tloc           54%        N/A       1%          2
b - Foxfire               Conj/Fire      100%       2x1d9     1%          1

Your spell library contained the following spells:

 Spells                   Type           Power      Damage    Failure   Level
 Lesser Beckoning         Tloc           54%        N/A       1%          2
 Momentum Strike          Conj/Tloc      54%        3d9       1%          2
 Ozocubu's Armour         Ice            27%        N/A       3%          3
 Borgnjor's Vile Clutch   Necr/Erth      13%        N/A       30%         5
 Metabolic Englaciation   Hex/Ice        13%        N/A       30%         5
 Plasma Beam              Fire/Air       13%        2x1d24    86%         6
 Starburst                Conj/Fire      13%        6d6       86%         6
 Orb of Destruction       Conj           13%        9d7       100%        7
 Animate Dead             Necr           Unusable   N/A       N/A         4
 Summon Blazeheart Golem  Fire/Summ      Unusable   N/A       N/A         4
 Death Channel            Necr           Unusable   N/A       N/A         6
 Sculpt Simulacrum        Ice/Alch       Unusable   N/A       N/A         6
 Spellforged Servitor     Conj/Summ      Unusable   N/A       N/A         7

Dungeon Overview and Level Annotations

Branches:
Dungeon (13/15) Temple (1/1) D:5 Lair (5/5) D:11 Shoals (1/4) Lair:3 Spider (0/4) Lair:3 Slime (0/5) Lair:4 Orc (2/2) D:10 Elf (0/3) Orc:2 Vaults (0/5) D:12 D:13 Bailey (visited) IceCv (1/1)

Altars:
Ashenzari
Cheibriados
Dithmenos
Elyvilon
Fedhas
Gozag
Hepliaklqana
Kikubaaqudgha
Makhleb
Nemelex Xobeh
Okawaru
Qazlal
Ru
Sif Muna
Trog
Uskayaw
Vehumet
Wu Jian
Xom
Yredelemnul
Zin
The Shining One

Shops:
D:3 [?:=?   D:4 :   D:6 :   D:10 ?   Orc:2 *:([

Annotations:
D:8 1 runed translucent door, Consumeair16's ghost, novice DrFi
D:9 3 runed translucent doors, Gadfly's ghost, novice GrFi
D:11 exclusion: statue
D:13 Lodul
Lair:1 exclusion: oklob plant
Lair:5 exclusion: oklob plant
Shoals:1 exclusion: ice statue


Innate Abilities, Weirdness & Mutations

You have very sharp teeth.
Your uncanny sense of smell can sniff out nearby items.
Your experience applies equally to all skills.
You are vulnerable to cold. (rC-)
Your health recovers twice as slowly from being drained.


Message History

The ironbound frostheart is almost dead.
An ironbound frostheart comes into view.
Throw: 11 boomerangs
Press: ? - help, Q - select action, (/) - cycle Shift-Dir - straight line, f/p - ironbound frostheart
Aim: an ironbound frostheart, wearing a +0 scale mail (almost dead, 70% to hit)
You throw a boomerang.
The boomerang hits the ironbound frostheart!
The ironbound frostheart is lightly wounded.
A rime drake comes into view.
The ironbound frostheart calls freezing cold from the walls.
The frost grips you!!
You are encased in ice.
The ironbound frostheart calls freezing cold from the walls.
The frost grips you. The ice encasing you melts away.
The ironbound frostheart calls freezing cold from the walls.
The frost grips you!!
You are encased in ice.
A white draconian comes into view.
It is wielding a +2 morningstar of freezing.
An ironbound frostheart comes into view.
The ironbound frostheart calls freezing cold from the walls.
The frost grips you.
The ironbound frostheart calls freezing cold from the walls.
The frost grips you!!
* * * LOW HITPOINT WARNING * * *
The white draconian moves out of view.
You hear a horrible gurgling sound!
The ice encasing you melts away.
Throw: 11 boomerangs
Press: ? - help, Q - select action, (/) - cycle Shift-Dir - straight line, f - ironbound frostheart
Aim: an ironbound frostheart, wearing a +0 scale mail (lightly wounded, 70% to hit)
You throw a boomerang.
The boomerang barely misses the ironbound frostheart.
You closely miss the ironbound frostheart.
You bite the ironbound frostheart.
The ironbound frostheart is lightly wounded.
The ironbound frostheart touches you!
* * * LOW HITPOINT WARNING * * *
The ironbound frostheart freezes you!!
You die...

#.......##....##....##
##....#####..####....#
##..## #### #.....#
#### ##....# ##...##
### ##...# ##.##
#.#..# ##.p.###.#.##
###..#@.##..##
#...###..##.# #..###
##....# #p# ##..##
∆#.# #### #p# .d# #.#
#.


You could see an ironbound frostheart.

Vanquished Creatures
  A broodmother (D:12)
  An ettin (Orc:2)
  Fannar (D:11)
  2 ice dragons (IceCv)
  A catoblepas (Lair:4)
  2 hydras
  An ironbound frostheart (IceCv)
  2 boulder beetles
  2 ogre magi (Orc:2)
  The ghost of bigdog255 the Frost Mage, a journeyman GrIE of Sif Muna (D:12)
  10 two-headed ogres
  4 death yaks (Lair:4)
  Nergalle (Lair:1)
  3 skysharks
  2 deep trolls (Orc:2)
  A deep elf pyromancer (D:12)
  An orc knight (Orc:2)
  An oklob plant (Lair:4)
  4 ugly things
  Maurice (D:11)
  2 manticores
  6 cyclopes
  6 black mambas
  2 kobold blastminers (Orc:1)
  An ice statue (Shoals:1)
  A meliai (Lair:3)
  5 elephants (Lair:5)
  A gargoyle (D:11)
  13 cane toads
  A torpor snail (Lair:1)
  Maggie (D:8)
  5 kobold demonologists
  5 komodo dragons
  7 rime drakes
  An unseen horror (D:12)
  Psyche (D:8)
  10 polar bears
  4 hornets (Lair:5)
  13 trolls
  2 dream sheep (Lair:5)
  Prince Ribbit (Lair:1)
  21 blink frogs
  A snapping turtle (Shoals:1)
  A shadow (D:12)
  4 slime creatures (D:12)
  14 spriggans (Lair:5)
  2 fire bats (Orc:2)
  A wraith (D:12)
  2 wyverns
  16 humans (D:12)
  A water elemental (Shoals:1)
  43 yaks
  4 basilisks
  11 steam dragons
  2 vampires
  2 wargs
  3 neqoxecs (D:12)
  4 vampire mosquitoes (D:12)
  An acid dragon (D:12)
  5 water moccasins
  19 orc warriors
  3 sky beasts
  8 black bears
  4 boggarts (Lair:5)
  19 ogres (Orc:2)
  30 wolves
  2 centaurs
  A phantom (D:5)
  3 kobold brigands
  15 bullfrogs
  2 gnoll sergeants
  4 wights (D:10)
  4 killer bees (Lair:3)
  4 electric eels (Lair:2)
  A vampire bat (Lair:2)
  A howler monkey (D:9)
  A bombardier beetle (D:6)
  3 quasits (D:12)
  14 hounds
  10 orc priests
  A jelly (D:6)
  3 sleepcaps
  4 iguanas
  7 hell rats (Lair:5)
  9 orc wizards
  17 gnolls
  7 adders
  A shadow imp (D:6)
  3 white imps
  2 ribbon worms
  59 orcs
  12 bats
  8 endoplasms
  4 giant cockroaches
  6 goblins
  9 hobgoblins
  11 jackals
  18 kobolds
  4 quokkas
  5 ball pythons
  3 frilled lizards
  6 rats
615 creatures vanquished.

Vanquished Creatures (collateral kills)
  A rime drake (IceCv)
  An ogre (Orc:2)
2 creatures vanquished.

Vanquished Creatures (others)
  An acid dragon (Lair:2)
  A water moccasin (Lair:2)
  A bullfrog (D:7)
  2 orcs
5 creatures vanquished.

Grand Total: 622 creatures vanquished

Notes
Turn   | Place    | Note
-------+----------+-------------------------------------------
     0 | D:1      | yaksman the Gnoll Fighter began the quest for the Orb.
     0 | D:1      | Reached XP level 1. HP: 23/23 MP: 1/1
   144 | D:1      | Reached XP level 2. HP: 29/29 MP: 2/2
   739 | D:1      | Found a faded altar of an unknown god.
  1032 | D:2      | Reached XP level 3. HP: 20/35 MP: 3/3
  1157 | D:2      | Reached skill level 1 in Invocations
  1212 | D:2      | Reached skill level 1 in Short Blades
  1212 | D:2      | Reached skill level 1 in Axes
  1212 | D:2      | Reached skill level 1 in Maces & Flails
  1212 | D:2      | Reached skill level 1 in Polearms
  1212 | D:2      | Reached skill level 1 in Staves
  1212 | D:2      | Reached skill level 1 in Ranged Weapons
  1212 | D:2      | Reached skill level 1 in Throwing
  1212 | D:2      | Reached skill level 1 in Dodging
  1212 | D:2      | Reached skill level 1 in Stealth
  1212 | D:2      | Reached skill level 1 in Unarmed Combat
  1212 | D:2      | Reached skill level 1 in Spellcasting
  1212 | D:2      | Reached skill level 1 in Evocations
  1489 | D:2      | Found a bloodstained altar of Trog.
  1505 | D:2      | Reached skill level 1 in Shapeshifting
  1505 | D:2      | Reached XP level 4. HP: 34/41 MP: 5/5
  1748 | D:3      | Reached skill level 1 in Conjurations
  1748 | D:3      | Reached skill level 1 in Hexes
  1748 | D:3      | Reached skill level 1 in Summonings
  1748 | D:3      | Reached skill level 1 in Necromancy
  1748 | D:3      | Reached skill level 1 in Translocations
  1748 | D:3      | Reached skill level 1 in Fire Magic
  1748 | D:3      | Reached skill level 1 in Ice Magic
  1748 | D:3      | Reached skill level 1 in Air Magic
  1748 | D:3      | Reached skill level 1 in Earth Magic
  1748 | D:3      | Reached skill level 1 in Alchemy
  1877 | D:3      | Found Xuyvearch's Magic Scroll Boutique.
  1879 | D:3      | Found Nichezxa's Jewellery Shoppe.
  1893 | D:3      | Reached XP level 5. HP: 26/47 MP: 7/7
  1993 | D:3      | Bought a scroll of identify for 28 gold pieces
  2021 | D:3      | Found Xyron's Book Boutique.
  2449 | D:3      | Found Duinet's Magic Scroll Emporium.
  2452 | D:3      | Bought a scroll of teleportation for 30 gold pieces
  2712 | D:3      | Found Kopem's Armour Boutique.
  2939 | D:4      | Noticed a black bear
  2952 | D:4      | Killed a black bear
  2953 | D:4      | Reached skill level 5 in Long Blades
  2953 | D:4      | Reached XP level 6. HP: 44/53 MP: 8/8
  3304 | D:4      | Found Duasch's Self-Published Books.
  3711 | D:5      | Entered Level 5 of the Dungeon
  3745 | D:5      | Reached XP level 7. HP: 60/60 MP: 10/10
  3968 | D:5      | Found a basalt altar of Yredelemnul.
  4618 | D:5      | Found a staircase to the Ecumenical Temple.
  4627 | Temple   | Entered the Ecumenical Temple
  4644 | Temple   | Became a worshipper of Warmaster Okawaru
  4988 | D:6      | Reached XP level 8. HP: 67/67 MP: 12/12
  5449 | D:6      | Found Haalam's Book Boutique.
  5631 | D:6      | Reached * piety under Okawaru
  6138 | D:6      | Found a hazy altar of Hepliaklqana.
  6138 | D:6      | Found a sparkling altar of Nemelex Xobeh.
  6141 | D:6      | Found a burning altar of Makhleb.
  6141 | D:6      | Found a sacrificial altar of Ru.
  6141 | D:6      | Found a broken altar of Ashenzari.
  6141 | D:6      | Found a snail-covered altar of Cheibriados.
  6143 | D:6      | Found a shadowy altar of Dithmenos.
  6143 | D:6      | Found a glowing silver altar of Zin.
  6143 | D:6      | Found an ancient bone altar of Kikubaaqudgha.
  6636 | D:7      | Reached XP level 9. HP: 68/73 MP: 14/14
  6817 | D:7      | Found a flagged portal.
  6965 | Bailey   | Entered a bailey
  7306 | Bailey   | Reached ** piety under Okawaru
  7399 | Bailey   | Reached skill level 5 in Invocations
  7589 | Bailey   | Identified the +4 pair of boots "Juatweng" {rPois}
  7603 | Bailey   | Identified the +4 ice dragon scales of Activism {rElec rF-
                  | rC++ rN++ Str-5 Dex+3}
  7873 | D:7      | You fall into a shaft and drop 1 floor!
  7880 | D:8      | Noticed Psyche
  7896 | D:8      | Killed Psyche
  8331 | D:8      | Found a runed translucent door.
  8332 | D:8      | Noticed Consumeair16's ghost (novice DrFi)
  8347 | D:8      | Noticed Maggie
  8364 | D:8      | Killed Maggie
  8365 | D:8      | Reached skill level 5 in Short Blades
  8365 | D:8      | Reached skill level 5 in Axes
  8365 | D:8      | Reached skill level 5 in Maces & Flails
  8365 | D:8      | Reached skill level 5 in Polearms
  8365 | D:8      | Reached skill level 5 in Staves
  8365 | D:8      | Reached skill level 5 in Ranged Weapons
  8365 | D:8      | Reached skill level 5 in Throwing
  8365 | D:8      | Reached skill level 5 in Dodging
  8365 | D:8      | Reached skill level 5 in Stealth
  8365 | D:8      | Reached skill level 5 in Unarmed Combat
  8365 | D:8      | Reached skill level 5 in Spellcasting
  8365 | D:8      | Reached skill level 5 in Evocations
  8365 | D:8      | Reached XP level 10. HP: 68/81 MP: 11/17
  8582 | D:9      | Noticed a seven-headed hydra
  8597 | D:9      | Killed a one-headed hydra
  8597 | D:9      | Reached *** piety under Okawaru
  8633 | D:9      | Reached skill level 5 in Shapeshifting
  8973 | D:9      | Found an opulent altar of Gozag.
  9250 | D:9      | Noticed a kobold demonologist
  9271 | D:9      | Killed a kobold demonologist
  9271 | D:9      | Reached **** piety under Okawaru
  9552 | D:9      | Found a runed translucent gate.
  9552 | D:9      | Found a runed translucent gate.
  9552 | D:9      | Noticed Gadfly's ghost (novice GrFi)
  9552 | D:9      | Noticed a kobold demonologist
  9553 | D:9      | Noticed a kobold demonologist
  9553 | D:9      | Found a runed translucent gate.
  9553 | D:9      | Noticed a kobold demonologist
  9808 | D:10     | Entered Level 10 of the Dungeon
  9810 | D:10     | Noticed a kobold demonologist
  9811 | D:10     | Noticed a kobold demonologist
  9811 | D:10     | Noticed a kobold demonologist
  9817 | D:10     | Noticed a smoke demon
  9820 | D:10     | Noticed a sixfirhy
  9821 | D:10     | Noticed an orange demon
  9915 | D:10     | Identified the ring "Zoqoefun" {rC+ rN+ rCorr}
  9961 | D:10     | Killed a kobold demonologist
  9998 | D:10     | Killed a kobold demonologist
  9999 | D:10     | Reached skill level 5 in Conjurations
  9999 | D:10     | Reached skill level 5 in Hexes
  9999 | D:10     | Reached skill level 5 in Summonings
  9999 | D:10     | Reached skill level 5 in Necromancy
  9999 | D:10     | Reached skill level 5 in Translocations
  9999 | D:10     | Reached skill level 5 in Fire Magic
  9999 | D:10     | Reached skill level 5 in Ice Magic
  9999 | D:10     | Reached skill level 5 in Air Magic
  9999 | D:10     | Reached skill level 5 in Earth Magic
  9999 | D:10     | Reached skill level 5 in Alchemy
  9999 | D:10     | Reached XP level 11. HP: 86/89 MP: 20/20
 10103 | D:10     | Noticed a two-headed ogre
 10113 | D:10     | Killed a two-headed ogre
 10262 | D:10     | Found a staircase to the Orcish Mines.
 10280 | D:10     | Found Cuxon's Magic Scroll Emporium.
 10403 | D:10     | Reached ***** piety under Okawaru
 11114 | D:11     | Identified the +8 hand axe of the Genius {heavy, *Rage
                  | rCorr Int+3}
 11170 | D:11     | Found a radiant altar of Vehumet.
 11271 | D:11     | Noticed Maurice
 11304 | D:11     | Killed Maurice
 11381 | D:11     | Noticed a boulder beetle
 11404 | D:11     | Killed a boulder beetle
 11454 | D:11     | Noticed Fannar
 11487 | D:11     | Killed Fannar
 11699 | D:11     | Noticed a two-headed ogre
 11724 | D:11     | Killed a two-headed ogre
 11724 | D:11     | Received a gift from Okawaru
 11732 | D:11     | Found a staircase to the Lair.
 12119 | Lair:1   | Entered Level 1 of the Lair of Beasts
 12156 | Lair:1   | Reached XP level 12. HP: 83/97 MP: 20/22
 12405 | Lair:1   | Reached skill level 10 in Fighting
 12405 | Lair:1   | Reached skill level 10 in Armour
 12405 | Lair:1   | Reached skill level 10 in Shields
 12686 | Lair:1   | Noticed Prince Ribbit
 12720 | Lair:1   | Killed Prince Ribbit
 12720 | Lair:1   | Received a gift from Okawaru
 13041 | Lair:1   | Noticed Nergalle
 13083 | Lair:1   | Killed Nergalle
 13406 | Lair:1   | Learned a level 2 spell: Blink
 13847 | Lair:2   | Reached XP level 13. HP: 103/104 MP: 22/25
 14213 | Lair:2   | Received a gift from Okawaru
 14496 | Lair:1   | Identified a scroll of acquirement
 14496 | Lair:1   | Acquired the +1 pair of boots of the Bagpipe {rN+ Str+2}
 15239 | Lair:3   | Received a gift from Okawaru
 15312 | Lair:3   | Found a shimmering altar of Xom.
 15343 | Lair:3   | Identified the +0 cloak of the Hidden Vale {rPois rC-
                  | Dex+6}
 15503 | Lair:3   | Found a staircase to the Shoals.
 15522 | Lair:3   | Found a hole to the Spider Nest.
 15747 | Lair:3   | Learned a level 1 spell: Foxfire
 16258 | Lair:4   | Found a staircase to the Slime Pits.
 16274 | Lair:4   | Reached skill level 10 in Long Blades
 16292 | Lair:4   | Received a gift from Okawaru
 16306 | Lair:4   | Identified the ring of Wubbixeu {EV+5 Int+5}
 16884 | Lair:4   | Reached skill level 10 in Invocations
 16884 | Lair:4   | Reached XP level 14. HP: 113/113 MP: 27/27
 16911 | Lair:5   | Entered Level 5 of the Lair of Beasts
 17098 | Lair:5   | Received a gift from Okawaru
 18350 | Lair:5   | Found the +7 mace of Variability {chaos, chaos arc}
 18486 | Lair:5   | Found a burning altar of Makhleb.
 18780 | Orc:1    | Entered Level 1 of the Orcish Mines
 18959 | Orc:1    | Received a gift from Okawaru
 19174 | Orc:2    | Entered Level 2 of the Orcish Mines
 19672 | Orc:2    | Received a gift from Okawaru
 19709 | Orc:2    | Reached skill level 10 in Short Blades
 19709 | Orc:2    | Reached skill level 10 in Axes
 19709 | Orc:2    | Reached skill level 10 in Maces & Flails
 19709 | Orc:2    | Reached skill level 10 in Polearms
 19709 | Orc:2    | Reached skill level 10 in Staves
 19709 | Orc:2    | Reached skill level 10 in Ranged Weapons
 19709 | Orc:2    | Reached skill level 10 in Throwing
 19709 | Orc:2    | Reached skill level 10 in Dodging
 19709 | Orc:2    | Reached skill level 10 in Stealth
 19709 | Orc:2    | Reached skill level 10 in Unarmed Combat
 19709 | Orc:2    | Reached skill level 10 in Spellcasting
 19709 | Orc:2    | Reached skill level 10 in Evocations
 19793 | Orc:2    | Reached XP level 15. HP: 120/120 MP: 29/29
 19897 | Orc:2    | Found Inixoeh's Assorted Antiques.
 19903 | Orc:2    | Found Ynotygg's Antique Weapon Shoppe.
 19907 | Orc:2    | Found Lyqal's Antique Armour Shop.
 19931 | Orc:2    | Found Bewaaffe's Book Shoppe.
 20081 | Orc:2    | Found a staircase to the Elven Halls.
 20449 | Orc:2    | Bought a runed hat for 168 gold pieces
 20459 | Orc:2    | Bought a bloodstained rapier for 279 gold pieces
 20459 | Orc:2    | Identified the +2 rapier of Eternal Night {distort, Str+3}
                  | (You bought it in a shop on level 2 of the Orcish Mines)
 20765 | D:12     | Received a gift from Okawaru
 20828 | D:12     | Found a transporter.
 20829 | D:12     | Noticed bigdog255's ghost (journeyman GrIE)
 21078 | D:12     | Found a transporter.
 21236 | D:12     | Gained mutation: You are vulnerable to cold. (rC-) [a
                  | neqoxec]
 21245 | D:12     | Killed bigdog255's ghost
 21245 | D:12     | Gained mutation: Your health recovers twice as slowly from
                  | being drained. [a neqoxec]
 21256 | D:12     | Identified the ring "Vooqu" {rC- Int+6 Dex+9}
 21413 | D:13     | Noticed Lodul
 21413 | D:13     | Found a gate to the Vaults.
 21781 | Shoals:1 | Entered Level 1 of the Shoals
 21865 | Shoals:1 | Found a glacial archway.
 21866 | Shoals:1 | Identified the +2 cloak of the Abyss {Harm Regen+}
 22004 | IceCv    | Entered an ice cave
 22235 | IceCv    | Slain by an ironbound frostheart

Illustrated notes

Levels and vault maps discovered:
D:1:      nzn_arrival_crosshair, layout_basic,
          shapermc_ecumenical_altar_mp_ritualfount
D:2:      layout_basic, basic_altar, minmay_box_of_dots
D:3:      kennysheep_six_static_rooms, layout_loops_ring, serial_shops,
          nicolae_shop_pleasant_corner_grove, shop_coins,
          nicolae_shop_tiny_real_fake_doors, nicolae_shop_tiny_real_fake_doors,
          nicolae_shop_tiny_statue_garden
D:4:      layout_loops_ring, nicolae_custom_books
D:5:      layout_basic, mainiacjoe_overflow_six_doors_small, temple_hall
D:6:      nicolae_BIG_FREAKIN_CUBE, layout_cave_pods, nicolae_overflows_in_rows,
          serial_shops, nicolae_shop_waterfront, minmay_pentangle
D:7:      layout_rooms, enter_bailey_4, minmay_misc_feat_secret_circle
D:8:      layout_gridville, gammafunk_ghost_grave, uniq_maggie, uniq_psyche
D:9:      layout_loops_ring, mainiacjoe_overflow_tiny_flanked,
          gammafunk_ghost_nasty_kobolds, minmay_fractal_squares_gapless_7
D:10:     layout_basic, david_orc_2, serial_shops, shop
D:11:     layout_basic, lair_entry_dummy, vehumet_statue, uniq_fannar,
          uniq_maurice
D:12:     layout_cave_pools, gammafunk_ghost_stat_death
D:13:     layout_basic, david_vaults_3, kennysheep_donut,
          nicolae_take_the_stairs, hangedman_incinerator, uniq_jorgrun
Temple:   nicolae_temple_ecumenical_triangle
Lair:1:   beast_lair_carwin_large_3, layout_long_grid, minmay_lair_oklob_items,
          serial_bayou_shore_b, grunt_megastairs_5, uniq_nergalle,
          uniq_prince_ribbit2
Lair:2:   layout_misc_corridors, roderic_batcave, bobbens_dragon_lair_wall,
          serial_bayou_shore_a, infiniplex_staircase_pool
Lair:3:   layout_cave_pods, shoals_dummy_entry,
          hellmonk_spider_entry_not_the_bees, basic_altar
Lair:4:   layout_hall_layers, slime_entry_1, infiniplex_staircase_pool_2,
          lemuel_fruit_fields, grunt_megastairs_2
Lair:5:   minmay_lair_end_enchanted_forest, layout_cellular_growth, basic_altar,
          chequers_serial_rivers_micro_d
Shoals:1: layout_shoals, portal_ice_cave_entry_ice_statue_two
Orc:1:    layout_diamond_mine, nicolae_orc_lava_room
Orc:2:    st_orc_open, layout_caves, nicolae_orc_lava_tube
IceCv:    ice_cave_small_giant

Skill      XL: |  1  2  3  4  5  6  7  8  9 10 11 12 13 14 15 |
---------------+----------------------------------------------+-----
Invocations    | 1 2 3 4 5 6 7 8 10 11 | 11.5
Short Blades   | 1 2 3 5 6 7 8 9 10 | 10.6
Axes           | 1 2 3 5 6 7 8 9 10 | 10.6
Maces & Flails | 1 2 3 5 6 7 8 9 10 | 10.6
Polearms       | 1 2 3 5 6 7 8 9 10 | 10.6
Staves         | 1 2 3 5 6 7 8 9 10 | 10.6
Ranged Weapons | 1 2 3 5 6 7 8 9 10 | 10.6
Throwing       | 1 2 3 5 6 7 8 9 10 | 10.6
Dodging        | 1 2 3 5 6 7 8 9 10 | 10.6
Stealth        | 1 2 3 5 6 7 8 9 10 | 10.6
Unarmed Combat | 1 2 3 5 6 7 8 9 10 | 10.6
Spellcasting   | 1 2 3 5 6 7 8 9 10 | 10.6
Evocations     | 1 2 3 5 6 7 8 9 10 | 10.6
Shapeshifting  | 1 2 3 4 5 6 7 8 9 |  9.7
Conjurations   | 1 2 3 4 5 6 7 8 |  8.9
Hexes          | 1 2 3 4 5 6 7 8 |  8.9
Summonings     | 1 2 3 4 5 6 7 8 |  8.9
Necromancy     | 1 2 3 4 5 6 7 8 |  8.9
Translocations | 1 2 3 4 5 6 7 8 |  8.9
Fire Magic     | 1 2 3 4 5 6 7 8 |  8.9
Ice Magic      | 1 2 3 4 5 6 7 8 |  8.9
Air Magic      | 1 2 3 4 5 6 7 8 |  8.9
Earth Magic    | 1 2 3 4 5 6 7 8 |  8.9
Alchemy        | 1 2 3 4 5 6 7 8 |  8.9
Long Blades    | 5 6 7 8 9 10 11 | 11.5
Fighting       | 7 8 9 10 11 12 | 12.3
Armour         | 7 8 9 10 11 12 | 12.3
Shields        | 7 8 9 10 11 12 | 12.3

Action                     |  1- 3 |  4- 6 |  7- 9 | 10-12 | 13-15 || total
---------------------------+-------+-------+-------+-------+-------++-------
  Melee: Long sword        |   128 |   200 |   310 |   764 |    23 ||  1425
         Bite              |    14 |    16 |    33 |   112 |   126 ||   301
         Flail             |       |       |    30 |       |       ||    30
         Spear             |       |       |    32 |       |       ||    32
         Hand axe          |       |       |       |       |   498 ||   498
         Great mace        |       |       |       |       |   390 ||   390
  Throw: Dart              |       |     3 |    61 |   168 |    48 ||   280
         Throwing net      |       |       |     1 |     1 |       ||     2
         Javelin           |       |       |       |     2 |     3 ||     5
         Boomerang         |       |       |       |       |    58 ||    58
 Invoke: Heroism           |       |       |     5 |    18 |    11 ||    34
         Finesse           |       |       |       |       |     5 ||     5
  Evoke: Wand              |       |       |    13 |     2 |     6 ||    21
    Use: Scroll            |       |     3 |     1 |    15 |     7 ||    26
         Potion            |       |     1 |     1 |     5 |     4 ||    11
   Stab: Invisible         |       |     1 |       |     1 |       ||     2
         Sleeping          |       |       |       |       |     4 ||     4
         Confused          |       |       |       |       |     7 ||     7
         Held in net/web   |       |       |       |       |     2 ||     2
         Distracted        |       |       |       |       |     2 ||     2
 Armour: Scale mail        |   112 |   132 |   137 |       |       ||   381
         Chain mail        |       |       |   132 |   527 |   874 ||  1533
  Dodge: Dodged            |    70 |    96 |   144 |   337 |   845 ||  1492
  Block: Buckler           |    27 |    59 |   120 |   221 |    57 ||   484
         Tower shield      |       |       |       |       |   402 ||   402
